 Dungeon Crawl Stone Soup version 0.25.1-8-g42b30a86e7 (webtiles) character file.

Game seed: 9940102662701184439

119 Impeuri the Caller (level 4, 0/30 HPs)
             Began as a Demonspawn Summoner on Nov 30, 2020.
             Slain by a worm (11 damage)
             ... on level 3 of the Dungeon.
             The game lasted 00:10:15 (3882 turns).

Impeuri the Caller (Demonspawn Summoner)            Turns: 3882, Time: 00:10:16

Health: 0/30       AC:  5    Str:  8    XL:     4   Next: 73%
Magic:  4/8        EV: 11    Int: 18    God:
Gold:   134        SH:  0    Dex: 13    Spells: 3/9 levels left

rFire    . . .     SeeInvis .   j - +0 short sword
rCold    . . .     Gourm    .   (no shield)
rNeg     . . .     Faith    .   i - +0 leather armour
rPois    .         Spirit   .   (no helmet)
rElec    .         Reflect  .   (no cloak)
rCorr    .         Harm     .   (no gloves)
MR       .....                  (no boots)
Stlth    ++........             (no amulet)
HPRegen  0.10/turn              (no ring)
MPRegen  0.11/turn              (no ring)

@: no status effects
A: molten scales 1, foul stench 1, rot immunity
a: no special abilities


You were on level 3 of the Dungeon.
You were very hungry.

You visited 1 branch of the dungeon, and saw 3 of its levels.

You collected 134 gold pieces.

Inventory:

Hand Weapons
 j - a +0 short sword (weapon)
Missiles
 g - 19 poisoned darts (quivered)
Armour
 i - a +0 leather armour (worn)
Wands
 p - a wand of disintegration (12)
 q - a wand of flame (26)
Scrolls
 b - a scroll of fog {unknown}
 d - a scroll of amnesia {unknown}
 f - 2 scrolls of identify
 l - a scroll of remove curse {unknown}
 n - 2 scrolls of enchant weapon {unknown}
 o - 2 scrolls of teleportation {unknown}
Potions
 a - a potion of stabbing {unknown}
 e - 2 potions of flight {unknown}
 h - a potion of degeneration {unknown}
 k - a potion of brilliance {unknown}
Comestibles
 c - 6 rations
 m - a chunk of flesh


   Skills:
 - Level 1.7 Dodging
 - Level 1.7 Stealth
 + Level 3.0 Spellcasting
 * Level 5.5 Summonings


You had 3 spell levels left.
You knew the following spells:

 Your Spells              Type           Power        Failure   Level  Hunger
a - Summon Small Mammal   Summ           ###.         2%          1    None
b - Call Imp              Summ           ###.....     3%          2    ##.....
c - Call Canine Familiar  Summ           ###.....     7%          3    ###....

Your spell library contained the following spells:

 Spells                   Type           Power        Failure   Level  Hunger
 Summon Guardian Golem    Hex/Summ       ##......     22%         3    ###....
 Summon Ice Beast         Ice/Summ       ##......     58%         4    ####...
 Summon Lightning Spire   Summ/Air       ##......     58%         4    ####...


Dungeon Overview and Level Annotations

Branches:
Dungeon (3/15)

Altars:
Sif Muna


Innate Abilities, Weirdness & Mutations

You are partially covered in molten scales. (AC +2)
You may emit foul miasma when damaged in melee.
You are immune to rotting.


Message History

Your crimson imp hits the worm.
Your crimson imp disappears in a puff of smoke!
The worm closely misses your crimson imp.
Your crimson imp blinks!
Your crimson imp hits the worm.
The worm bites your crimson imp!
Your crimson imp hits the worm.
Your crimson imp hits the worm.
Your crimson imp blinks!
The worm bites your crimson imp.
Your crimson imp barely misses the worm.
Your crimson imp hits the worm.
You see here a river rat corpse.
Your crimson imp barely misses the worm.
You hit the worm.
The worm is severely wounded.
Your crimson imp hits the worm.
You barely miss the worm.
The worm is severely wounded.
The worm bites you!
You die...

#. ...# #. ..# ####
#. ###.##### #... #.
#.......# #.##
#.##...?##.# #.##
###.#.#....#.#####"##
#....5.5.....††.†....
#.#.5##.##.#.#####.##
#...@w........# #...
#......≈......#######
##.≈.≈≈≈≈≈..#..... ##
#≈≈#≈#≈#####......#.
#≈≈≈≈≈≈≈≈≈# ........
#########≈# ......#.
#5≈w≈§≈# #......#
#≈#5#### ######. #
#≈≈≈≈# #


You could see a worm and 2 friendly crimson imps.

Vanquished Creatures
  2 worms (D:3)
  A dart slug (D:2)
  A leopard gecko (D:2)
  3 ball pythons
  5 bats
  3 giant cockroaches
  3 goblins
  3 hobgoblins
  3 jackals
  4 frilled lizards
  6 rats
34 creatures vanquished.

Vanquished Creatures (collateral kills)
  6 adders
  3 river rats (D:3)
  2 dart slugs (D:1)
  A leopard gecko (D:1)
  3 bats
  A giant cockroach (D:3)
  2 hobgoblins
  8 jackals
  7 kobolds
  5 ball pythons (D:2)
  2 frilled lizards
  4 goblins (D:1)
  2 rats (D:2)
46 creatures vanquished.

Grand Total: 80 creatures vanquished

Notes
Turn   | Place    | Note
-------+----------+-------------------------------------------
     0 | D:1      | Impeuri the Demonspawn Summoner began the quest for the
                  | Orb.
     0 | D:1      | Reached XP level 1. HP: 13/13 MP: 3/3
   213 | D:1      | Found a shimmering blue altar of Sif Muna.
   721 | D:1      | Gained mutation: You are immune to rotting. [demonic
                  | ancestry]
   721 | D:1      | Reached XP level 2. HP: 19/19 MP: 0/5
   745 | D:1      | Learned a level 2 spell: Call Imp
  1675 | D:2      | Gained mutation: You are partially covered in molten
                  | scales. (AC +2) [demonic ancestry]
  1675 | D:2      | Reached XP level 3. HP: 4/24 MP: 3/6
  2326 | D:2      | Learned a level 3 spell: Call Canine Familiar
  2510 | D:2      | Reached skill level 5 in Summonings
  3082 | D:3      | Gained mutation: You may emit foul miasma when damaged in
                  | melee. [demonic ancestry]
  3082 | D:3      | Reached XP level 4. HP: 30/30 MP: 3/8
  3882 | D:3      | Slain by a worm

Illustrated notes

Levels and vault maps discovered:
D:1:      erik_arrival_orb_chamber, layout_loops_ring, minmay_misc_feat_cross,
          minmay_hexomino_r4
D:2:      layout_basic, minmay_shallow_snake_nest
D:3:      layout_loops_cross, lightli_sewer_entry_pipes,
          nicolae_ru_path_of_blood

Skill      XL: |  1  2  3  4 |
---------------+-------------+-----
Summonings     | 5 |  5.5
Spellcasting   | 3 |  3.0
Dodging        | |  1.7
Stealth        | |  1.7

Action                   |  1- 3 |  4- 6 || total
-------------------------+-------+-------++-------
Melee: Unarmed           |    35 |       ||    35
       Short sword       |   113 |    97 ||   210
 Cast: Summon Small Mamm |    20 |       ||    20
       Call Imp          |    23 |    19 ||    42
  Use: Scroll            |       |     1 ||     1
 Stab: Sleeping          |     2 |     1 ||     3
  Eat: Chunk             |     8 |     3 ||    11
Armor: Robe              |     4 |       ||     4
       Leather armour    |    49 |    45 ||    94
Dodge: Dodged            |   130 |    73 ||   203
